 Dungeon Crawl Stone Soup version 0.29-a0-40-g8eb35efe60 (webtiles) character file.

Game seed: 17558373326454626476

99 shoop the Poker (level 4, -10/33 HPs)
             Began as a Merfolk Gladiator on Feb 1, 2022.
             Mangled by a gnoll (12 damage)
             ... on level 3 of the Dungeon.
             The game lasted 00:02:51 (2533 turns).

shoop the Poker (Merfolk Gladiator)                 Turns: 2533, Time: 00:02:52

Health: -10/33     AC:  4    Str: 18    XL:     4   Next: 72%
Magic:  4/4        EV:  7    Int:  9    God:
Gold:   98         SH:  0    Dex: 15    Spells: 3/3 levels left

rFire   . . .      SeeInvis .   a - +0 trident
rCold   . . .      Faith    .   (no shield)
rNeg    . . .      Spirit   .   b - +0 leather armour
rPois   .          Reflect  .   c - +0 helmet
rElec   .          Harm     .   (no cloak)
rCorr   +          Rampage  .   (no gloves)
Will    .....                   (no boots)
Stlth   +.........              (no amulet)
HPRegen 0.11/turn               p - ring "Quttur" {Wiz rCorr Str+4}
MPRegen 0.09/turn               (no ring)

@: brilliant, held
A: (nimble swimmer 2), mertail
a: no special abilities


You were on level 3 of the Dungeon.
You visited 1 branch of the dungeon, and saw 3 of its levels.

You collected 98 gold pieces.

Inventory:

Hand Weapons
 a - a +0 trident (weapon)
Missiles
 d - 3 throwing nets (quivered)
Armour
 b - a +0 leather armour (worn)
 c - a +0 helmet (worn)
Jewellery
 p - the ring "Quttur" (left hand) {Wiz rCorr Str+4}
   (You found it on level 3 of the Dungeon)

   [ring of wizardry]

   It improves your spell success rate.
   Str:       It affects your strength (+4).
   rCorr:     It protects you from acid and corrosion.
Scrolls
 f - 2 scrolls of magic mapping {unknown}
 h - a scroll of enchant weapon {unknown}
 i - 3 scrolls of fear {unknown}
 k - a scroll of immolation {unknown}
 l - a scroll of silence {unknown}
 m - 2 scrolls of identify {unknown}
 n - 2 scrolls of noise {unknown}
 o - a scroll of blinking {unknown}
Potions
 g - a potion of mutation {unknown}
 j - a potion of heal wounds {unknown}


   Skills:
 - Level 2.2 Fighting
 + Level 7.6 Polearms
 - Level 2.0 Throwing
 - Level 4.0 Dodging


You had 3 spell levels left.
You didn't know any spells.
Your spell library contained the following spells:

 Spells                   Type           Power      Damage    Failure   Level
 Animate Skeleton         Necr           0%         N/A       19%         1
 Foxfire                  Conj/Fire      0%         2x1d4     19%         1
 Pain                     Necr           0%         1d4       19%         1
 Shock                    Conj/Air       0%         1d3       19%         1
 Conjure Flame            Conj/Fire      0%         6-21      47%         3
 Inner Flame              Hex/Fire       0%         N/A       47%         3
 Swiftness                Air            0%         N/A       47%         3
 Vampiric Draining        Necr           0%         2d6       47%         3
 Airstrike                Air            0%         N/A       86%         4
 Flame Wave               Conj/Fire      0%         2d4       86%         4


Dungeon Overview and Level Annotations

Branches:
Dungeon (3/15)

Altars:

Shops:
D:1 !   D:2 ?


Innate Abilities, Weirdness & Mutations

((You are very nimble when in or above water. (Stealth+, EV+, Speed+++)))
Your lower body shifts to a powerful aquatic tail in water.


Message History

No target in view!
No target in view!
No target in view!
Items here: ( ) †††.
There is an open door here.
n - 2 scrolls labelled ONUOG VIEDGH (gained 1)
There is an open door here.
Items here: ( ) †††.
You open the door.
There is an open door here.
A gnoll comes into view. It is wielding a +0 flail.
The gnoll shouts!
You hear a shout!
A gnoll comes into view. It is wielding a +0 halberd.
A gnoll comes into view. It is wielding a +0 club.
The gnoll shouts!
You hear a shout!
A gnoll comes into view. It is wielding a +0 flail.
There is an open door here.
The gnoll shouts!
You reach to attack!
You barely miss the gnoll.
There is an open door here.
You barely miss the gnoll. The gnoll barely misses you.
The gnoll hits you with a +0 flail. The gnoll misses you.
Items here: ( ) †††.
There is an open door here.
The gnoll throws a throwing net.
The throwing net hits you.
You become entangled in the net!
You see here a throwing net.
You struggle against the net.
The gnoll hits you with a +0 flail!
You struggle against the net.
The gnoll hits you with a +0 flail. The gnoll barely misses you.
You struggle against the net.
The gnoll barely misses you.
The gnoll hits you from afar with a +0 halberd!
* * * LOW HITPOINT WARNING * * *
It was a potion of brilliance.
You feel clever all of a sudden. The gnoll hits you with a +0 flail.
* * * LOW HITPOINT WARNING * * *
The gnoll hits you from afar with a +0 halberd!
You die...

#.. ##### #.. ##...## #.#
##⌠.<.⌠## #.# ###g@.....# #.#
#gg...⌠.>.# #.# #g#.......#
#.#### #.##⌠.>.⌠## .....#
#.###...## #.##.# #g############
.. #.##.# #...gg.g.....####....
#.##.# ####.........'.......
#.##.#############+#†....########


You could see 4 gnolls.

Vanquished Creatures
  2 adders
  A dart slug (D:2)
  2 orcs (D:3)
  7 bats
  5 endoplasms
  4 giant cockroaches
  4 goblins
  3 hobgoblins
  14 jackals
  A quokka (D:1)
  5 ball pythons
  4 frilled lizards
  10 kobolds
  4 rats
66 creatures vanquished.

Notes
Turn   | Place    | Note
-------+----------+-------------------------------------------
     0 | D:1      | shoop the Merfolk Gladiator began the quest for the Orb.
     0 | D:1      | Reached XP level 1. HP: 16/16 MP: 1/1
   247 | D:1      | Reached skill level 5 in Polearms
   296 | D:1      | Reached XP level 2. HP: 21/22 MP: 2/2
   313 | D:1      | Found a faded altar of an unknown god.
   525 | D:1      | Found Utieduf's Distillery.
   669 | D:1      | Reached XP level 3. HP: 21/27 MP: 3/3
   672 | D:1      | Reached skill level 6 in Polearms
  1368 | D:2      | Reached XP level 4. HP: 33/33 MP: 4/4
  1530 | D:2      | Reached skill level 7 in Polearms
  1851 | D:2      | Found Arount's Magic Scroll Shoppe.
  2413 | D:3      | Identified the ring "Quttur" {Wiz rCorr Str+4}
  2533 | D:3      | Mangled by a gnoll

Illustrated notes

Levels and vault maps discovered:
D:1:      dpeg_arrival_more_subterranean_lakeside_camping, layout_basic,
          serial_shops, nicolae_shop_hallway_stairs,
          dreamdust_ecumenical_altar_grove, minmay_tripent
D:2:      layout_loops_ring, serial_shops, shop
D:3:      layout_basic, roderic_lattice_a, grunt_ministairs_7, minmay_unequal

Skill      XL: |  1  2  3  4 |
---------------+-------------+-----
Polearms       | 5 6 7 |  7.6
Fighting       | |  2.2
Throwing       | |  2.0
Dodging        | |  4.0

Action                   |  1- 3 |  4- 6 || total
-------------------------+-------+-------++-------
Melee: Trident           |   151 |    75 ||   226
       Punch             |     2 |       ||     2
  Use: Potion            |       |     1 ||     1
 Stab: Sleeping          |     2 |       ||     2
Armor: Leather armour    |    32 |    15 ||    47
Dodge: Dodged            |    98 |    38 ||   136

Table legend: (Time is in decaauts)
 A = Elapsed time spent in this place.
 B = Non-inter-level travel time spent in this place.
 C = Inter-level travel time spent in this place.
 D = Time resting spent in this place.
 E = Time spent auto-exploring this place.
 F = Levels seen in this place.
 G = Mean time per level.
                   A        B        C        D        E       F      G
               +--------+--------+--------+--------+--------+-----+--------+
         Total |   2526 |   2497 |     29 |      0 |   2074 |   3 |  842.0 |
       Dungeon |   2526 |   2497 |     29 |      0 |   2074 |   3 |  842.0 |
               +--------+--------+--------+--------+--------+-----+--------+

Top non-repeatable levels by time:
     D:1: 1173 daAuts
     D:2: 782 daAuts
     D:3: 570 daAuts
